 Dungeon Crawl Stone Soup version 0.30-a0-883-g5ad918d77d (webtiles) character file.

Game seed: 1553158038922636379

43 voltaire321 the Charlatan (level 3, -4/27 HPs)
             Began as a Demonspawn Artificer on Mar 16, 2023.
             Killed by divine providence
             ... invoked by an orc priest
              (13 damage)
             ... on level 2 of the Dungeon.
             The game lasted 00:03:35 (1085 turns).

voltaire321 the Charlatan (Demonspawn Artificer)    Turns: 1085, Time: 00:03:36

Health: -4/27      AC:  9    Str: 12    XL:     3   Next: 37%
Magic:  3/3        EV: 11    Int: 12    God:
Gold:   96         SH:  0    Dex: 15    Spells: 2/2 levels left

rFire   . . .      SeeInvis .    p - +2 dagger (freeze)
rCold   . . .      Faith    .    (no shield)
rNeg    . . .      Spirit   .    b - +0 leather armour
rPois   .          Reflect  .    (no helmet)
rElec   .          Rampage  .    (no cloak)
rCorr   .                        (no gloves)
Will    .....                    (no boots)
Stlth   +                        (no amulet)
HPRegen 0.24/turn                (no ring)
MPRegen 0.08/turn                (no ring)

@: sanguine armoured
A: sanguine armour 1
a: no special abilities


You were on level 2 of the Dungeon.
You visited 1 branch of the dungeon, and saw 2 of its levels.

You collected 96 gold pieces.

Inventory:

Hand Weapons
 k - a +0 whip
 p - a +2 dagger of freezing (weapon)
Missiles
 g - 6 boomerangs
Armour
 b - a +0 leather armour (worn)
 o - a +0 cloak
Jewellery
 f - a ring of fire
Wands
 c - a wand of flame (7) (quivered)
 d - a wand of charming (15)
 e - a wand of iceblast (5)
Scrolls
 h - 2 scrolls of identify {unknown}
 j - 2 scrolls of enchant armour {unknown}
 n - 2 scrolls of teleportation {unknown}
 q - 2 scrolls of amnesia {unknown}
Potions
 a - 2 potions of resistance {unknown}
 i - a potion of invisibility {unknown}
 l - a potion of attraction {unknown}
 m - a potion of curing {unknown}


   Skills:
 + Level 1.7 Fighting
 + Level 2.3 Armour
 + Level 1.6 Dodging
 - Level 0.8 Stealth
 + Level 3.4 Evocations


You had 2 spell levels left.
You didn't know any spells.
Your spell library contained the following spells:

 Spells                   Type           Power      Damage    Failure   Level
 Vhi's Electric Charge    Tloc/Air       0%         N/A       77%         3
 Arcjolt                  Conj/Air       0%         1d10      100%        5
 Maxwell's Capacitive Co  Air            0%         ∞         100%        8


Dungeon Overview and Level Annotations

Branches:
Dungeon (2/15)

Altars:


Innate Abilities, Weirdness & Mutations

When seriously injured, your blood forms armour. (AC +6)


Message History

The orc is healed somewhat.
You hit the orc. You freeze the orc.
The orc is heavily wounded.
The orc completely misses you.
You hit the orc but do no damage.
The orc is heavily wounded.
The orc hits you with a +0 club.
You hit the orc. You freeze the orc.
You kill the orc!
You hit the orc priest but do no damage.
The orc priest misses you.
You hit the orc priest but do no damage.
The orc priest invokes the aid of Beogh against you.
Pain shoots through your body!
Your blood congeals into armour.
Aiming: Throw Flame
Press: ? - help, Shift-Dir - straight line, f - orc priest
Aim: an orc priest, wielding a +2 vampiric whip and wearing a +0 ring mail (75% to hit)
The puff of flame hits the orc priest but does no damage.
The orc priest hits you with a +2 vampiric whip.
Aiming: Throw Flame
Press: ? - help, Q - select action, (/) - cycle Shift-Dir - straight line, f/p - orc priest
Aim: an orc priest, wielding a +2 vampiric whip and wearing a +0 ring mail (75% to hit)
The puff of flame hits the orc priest.
The orc priest is lightly wounded.
The orc priest hits you with a +2 vampiric whip.
The orc priest draws strength from your wounds!
Aiming: Throw Flame
Press: ? - help, Q - select action, (/) - cycle Shift-Dir - straight line, f/p - orc priest
Aim: an orc priest, wielding a +2 vampiric whip and wearing a +0 ring mail (75% to hit)
The puff of flame hits the orc priest.
The orc priest is moderately wounded.
The orc priest hits you with a +2 vampiric whip.
Aiming: Throw Flame
Press: ? - help, Q - select action, (/) - cycle Shift-Dir - straight line, f/p - orc priest
Aim: an orc priest, wielding a +2 vampiric whip and wearing a +0 ring mail (moderately wounded, 75% to hit)
The puff of flame hits the orc priest!
The orc priest is almost dead.
The orc priest calls down the wrath of Beogh upon you.
Beogh smites you!
You die...

.# #.......#
####.###.......
.#######....### #.#
#....... .....###....#
#.# #.......
###.........# #.#
#....... . #†.###....#
#.# #####.##
.##.........# #.# #.##
....###.....# #.# #...
...#..#.....######## #.#
#...
........####....@oo###.#
#... .#....#.#
#.#####o....### #...
.#...<..# #...........#
#... ....#...#
#.#########..# #...
###.†...# #........ #.#
#... ###..## #..8...8.
.# #... #.... .....o.o.
# #... ###..# ....ooo.o
...# ........o.


You could see 2 orc priests and an orc.

Vanquished Creatures
  An adder (D:2)
  2 dart slugs (D:1)
  An orc (D:2)
  5 bats
  3 endoplasms (D:1)
  2 goblins
  A hobgoblin (D:1)
  2 kobolds (D:1)
  2 quokkas (D:1)
  2 ball pythons
  A frilled lizard (D:2)
  7 rats
29 creatures vanquished.

Notes
Turn   | Place    | Note
-------+----------+-------------------------------------------
     0 | D:1      | voltaire321 the Demonspawn Artificer began the quest for
                  | the Orb.
     0 | D:1      | Reached XP level 1. HP: 15/15 MP: 1/1
    63 | D:1      | Reached skill level 1 in Dodging
   246 | D:1      | Gained mutation: When seriously injured, your blood forms
                  | armour. (AC +6) [demonic ancestry]
   246 | D:1      | Reached XP level 2. HP: 20/21 MP: 2/2
   761 | D:2      | Reached XP level 3. HP: 27/27 MP: 3/3
  1085 | D:2      | Killed from afar by an orc priest

Illustrated notes

Levels and vault maps discovered:
D:1:      saegor_arrival_simple_e, layout_rooms
D:2:      cheibrodos_pilgrimage, layout_basic,
          wander_ebering_terrifying_dragon_lair

Skill      XL: |  1 |
---------------+----+-----
Dodging        | 1 |  1.6
Armour         | 2 |  2.3
Fighting       | |  1.7
Stealth        | |  0.8
Evocations     | |  3.4

Action                     || total
---------------------------++-------
  Melee: Club              ||    73
         Whip              ||    40
         Punch             ||     1
         Dagger            ||    21
  Evoke: Wand              ||     8
   Stab: Sleeping          ||     4
 Armour: Leather armour    ||    63
  Dodge: Dodged            ||   110

Table legend: (Time is in decaauts)
 A = Elapsed time spent in this place.
 B = Non-inter-level travel time spent in this place.
 C = Inter-level travel time spent in this place.
 D = Time resting spent in this place.
 E = Time spent auto-exploring this place.
 F = Levels seen in this place.
 G = Mean time per level.
                   A        B        C        D        E       F      G
               +--------+--------+--------+--------+--------+-----+--------+
         Total |   1109 |   1109 |      0 |     34 |    704 |   2 |  554.5 |
       Dungeon |   1109 |   1109 |      0 |     34 |    704 |   2 |  554.5 |
               +--------+--------+--------+--------+--------+-----+--------+

Top non-repeatable levels by time:
     D:1: 779 daAuts
     D:2: 330 daAuts
